 Dungeon Crawl Stone Soup version 0.28.0 (webtiles) character file.

Game seed: 9109245234096368103

1676 Mitsuki the Arsonist (level 8, 0/41 HPs)
             Began as a Deep Elf Fire Elementalist on Feb 8, 2022.
             Was an Initiate of Vehumet.
             Succumbed to a killer bee's poison
             ... on level 6 of the Dungeon.
             The game lasted 00:13:38 (6674 turns).

Mitsuki the Arsonist (Deep Elf Fire Elementalist)   Turns: 6674, Time: 00:13:38

Health: 0/41       AC:  7    Str:  5    XL:     8   Next: 70%
Magic:  14/15      EV: 11    Int: 23    God:    Vehumet [......]
Gold:   198        SH:  5    Dex: 18    Spells: 13/14 levels left

rFire   + . .      SeeInvis .   e - +0 dagger (venom)
rCold   . . .      Faith    .   d - +0 buckler
rNeg    . . .      Spirit   .   o - +3 leather armour of Old and Reckless {Will+ Dex+3}
rPois   .          Reflect  .   n - +0 helmet
rElec   .          Harm     .   (no cloak)
rCorr   .          Rampage  .   (no gloves)
Will    +....                   (no boots)
Stlth   ++........              (no amulet)
HPRegen 0.13/turn               g - ring of protection from fire
MPRegen 0.14/turn               (no ring)

@: lethally poisoned (0 -> -17), studying Stealth
A: no striking features
a: Renounce Religion


You were on level 6 of the Dungeon.
You worshipped Vehumet.
Vehumet was noncommittal.
You visited 2 branches of the dungeon, and saw 8 of its levels.

You collected 330 gold pieces.
You spent 132 gold pieces at shops.

Inventory:

Hand Weapons
 e - a +0 dagger of venom (weapon)
Missiles
 j - 2 throwing nets
Armour
 d - a +0 buckler (worn)
 n - a +0 helmet (worn)
 o - the +3 leather armour of Old and Reckless (worn) {Will+ Dex+3}
   (You found it on level 3 of the Dungeon)

   Dex:       It affects your dexterity (+3).
   Will:      It increases your willpower.
 y - an orb of guile
Jewellery
 g - a ring of protection from fire (left hand)
Wands
 w - a wand of iceblast (1)
Scrolls
 a - a scroll of holy word {unknown}
 c - 2 scrolls of teleportation {unknown}
 f - 2 scrolls of vulnerability {unknown}
 h - 2 scrolls of fear {unknown}
 k - 5 scrolls of identify {unknown}
 q - a scroll of silence {unknown}
 t - a scroll of amnesia {unknown}
 v - a scroll of enchant armour {unknown}
 x - a scroll of summoning {unknown}
Potions
 b - a potion of flight {unknown}
 i - 2 potions of degeneration {unknown}
 l - 6 potions of curing
 m - a potion of heal wounds
 p - 3 potions of might {unknown}
 r - 2 potions of resistance {unknown}
 s - 2 potions of lignification {unknown}
 u - a potion of haste {unknown}


   Skills:
 - Level 2.4 Dodging
 - Level 2.4 Stealth
 + Level 4.3 Shields
 - Level 3.5 Spellcasting
 + Level 6.0 Conjurations
 * Level 9.2 Fire Magic


You had 13 spell levels left.
You knew the following spells:

 Your Spells              Type           Power      Damage    Failure   Level
a - Foxfire               Conj/Fire      100%       2x1d9     1%          1

Your spell library contained the following spells:

 Spells                   Type           Power      Damage    Failure   Level
 Scorch                   Fire           92%        2d9       1%          2
 Conjure Flame            Conj/Fire      39%        6-21      3%          3
 Inner Flame              Hex/Fire       25%        N/A       11%         3
 Flame Wave               Conj/Fire      39%        2d9       11%         4
 Sticky Flame             Conj/Fire      39%        2d6       11%         4
 Ignite Poison            Fire/Tmut/Pois 18%        N/A       21%         3
 Sting                    Tmut/Pois      16%        1d3       24%         1
 Poisonous Vapours        Pois/Air       8%         N/A       36%         2
 Gell's Gravitas          Tloc           4%         N/A       58%         3
 Teleport Other           Tloc           4%         N/A       58%         3
 Olgreb's Toxic Radiance  Pois           4%         N/A       94%         4
 Dispersal                Tloc           2%         N/A       100%        6


Dungeon Overview and Level Annotations

Branches:
Dungeon (7/15)             Temple (1/1) D:5

Altars:
Ashenzari
Cheibriados
Dithmenos
Elyvilon
Fedhas
Gozag
Hepliaklqana
Kikubaaqudgha
Makhleb
Nemelex Xobeh
Okawaru
Qazlal
Ru
Sif Muna
Trog
Uskayaw
Vehumet
Wu Jian
Xom
Yredelemnul
Zin
The Shining One

Shops:
D:2 !   D:3 (

Annotations:
D:5 3 runed translucent doors, P0WERM0DE's ghost, novice DsWr; mn3067's ghost, novice GrEE; puimuR's ghost, novice HODe


Message History

There is not enough space to conjure foxfire!
Your foxfire dissipates!
You feel sick.
The foxfire hits the killer bee.
The killer bee is almost dead.
The foxfire hits the killer bee but does no damage.
The killer bee is almost dead.
You block the killer bee's attack.
You take 1 damage, and have 30/41 hp.
You feel sick. The killer bee stings you!
You take 8 damage, and have 22/41 hp.
You feel sick. The killer bee misses you.
You take 1 damage, and have 21/41 hp.
You feel sick. The killer bee stings you.
You take 5 damage, and have 16/41 hp.
You feel sick.
You are no longer poisoned.
The killer bee closely misses you.
You take 1 damage, and have 15/41 hp.
The killer bee stings you.
* * * LOW HITPOINT WARNING * * *
You take 3 damage, and have 12/41 hp.
The killer bee misses you.
The killer bee stings you but does no damage.
The killer bee stings you but does no damage.
The killer bee barely misses you.
There is an escape hatch in the ceiling here.
You block the killer bee's attack. The killer bee stings you.
* * * LOW HITPOINT WARNING * * *
The killer bee stings you.
* * * LOW HITPOINT WARNING * * *
The killer bee stings you.
* * * LOW HITPOINT WARNING * * *
You are lethally poisoned!
The killer bee poisons you! You block the killer bee's attack.
The killer bee stings you.
* * * LOW HITPOINT WARNING * * *
You are more poisoned.
The killer bee poisons you! A mysterious force pulls you upwards.
The hatch slams shut behind you.
You die...

### #.......###..#####..#..# #
#.......##.....###...###
#######.......###..###....##
..............#_....8#...##
........##....###..###....##
###.)..###....#....._#.....##
###..# ##...##8..8##.###..## ##
#.## ##.....y.#..## ##..###.
##..#####....@..#..# ##....#
####...........y.y....## ##....
.......................#####.###.
.###...........##...##...#.)..###
...#....#####.###..#####...##..##
..###...# #..# #.## #.######..
..##....#########.## ##.# ###
..##....##≈≈≈≈≈≈##.####.## ##.
........#≈≈.(..≈≈#..##..# ##.#


You could see 3 killer bees.

Vanquished Creatures
  A yak (D:5)
  A water moccasin (D:7)
  A black bear (D:5)
  2 necrophages
  2 ice beasts
  A centaur (D:6)
  A phantom (D:5)
  A bullfrog (D:7)
  4 scorpions
  A water moccasin zombie (D:6)
  A water moccasin skeleton (D:5)
  A howler monkey (D:4)
  2 hounds
  2 centaur skeletons
  3 iguanas (D:5)
  A killer bee zombie (D:6)
  10 adders
  An adder skeleton (D:4)
  2 worms
  2 dart slugs
  9 orcs
  7 endoplasms
  2 giant cockroaches
  6 hobgoblins
  2 jackals (D:4)
  3 quokkas
  7 ball pythons
  3 bats (D:1)
  5 frilled lizards
  7 goblins
  4 kobolds
  5 rats
100 creatures vanquished.

Vanquished Creatures (collateral kills)
  A foxfire (D:6)
1 creature vanquished.

Vanquished Creatures (others)
  570 foxfires
  3 plants (D:6)
573 creatures vanquished.

Grand Total: 674 creatures vanquished

Notes
Turn   | Place    | Note
-------+----------+-------------------------------------------
     0 | D:1      | Mitsuki the Deep Elf Fire Elementalist began the quest for
                  | the Orb.
     0 | D:1      | Reached XP level 1. HP: 10/10 MP: 6/6
   307 | D:1      | Reached XP level 2. HP: 15/15 MP: 4/8
   884 | D:1      | Found a faded altar of an unknown god.
  1292 | D:2      | Reached XP level 3. HP: 19/19 MP: 7/10
  1606 | D:2      | Reached skill level 4 in Fire Magic
  1737 | D:2      | Found Suha's Distillery.
  1819 | D:2      | Bought 2 potions of curing for 72 gold pieces
  1819 | D:2      | Bought a potion of heal wounds for 60 gold pieces
  1867 | D:3      | Reached skill level 1 in Shields
  2034 | D:3      | Found Mirrei's Antique Weapon Shop.
  2175 | D:3      | Reached XP level 4. HP: 24/24 MP: 7/11
  2384 | D:3      | Identified the +3 leather armour of Old and Reckless {Will+
                  | Dex+3}
  2895 | D:4      | Noticed a necrophage
  2905 | D:4      | Killed a necrophage
  2906 | D:4      | Reached skill level 5 in Fire Magic
  2906 | D:4      | Reached XP level 5. HP: 27/28 MP: 4/12
  3001 | D:4      | Reached XP level 6. HP: 32/32 MP: 8/13
  3298 | D:4      | Reached skill level 6 in Fire Magic
  3633 | D:5      | Entered Level 5 of the Dungeon
  3862 | D:5      | Reached XP level 7. HP: 36/36 MP: 6/14
  3926 | D:5      | Noticed a two-headed ogre
  3946 | D:5      | Found a runed translucent gate.
  3947 | D:5      | Found a runed translucent gate.
  3947 | D:5      | Found a runed translucent gate.
  3950 | D:5      | Noticed puimuR's ghost (novice HODe)
  3950 | D:5      | Noticed P0WERM0DE's ghost (novice DsWr)
  3951 | D:5      | Noticed mn3067's ghost (novice GrEE)
  4204 | D:5      | Found a staircase to the Ecumenical Temple.
  4210 | Temple   | Entered the Ecumenical Temple
  4219 | Temple   | Became a worshipper of Vehumet
  4432 | D:5      | Reached skill level 7 in Fire Magic
  4567 | D:5      | Noticed a yak
  4577 | D:5      | Killed a yak
  4632 | D:5      | Reached skill level 5 in Conjurations
  4922 | D:6      | Found a stormy altar of Qazlal.
  4931 | D:6      | Found a glowing golden altar of the Shining One.
  4949 | D:6      | Reached XP level 8. HP: 41/41 MP: 11/15
  4998 | D:6      | Reached skill level 8 in Fire Magic
  5090 | D:6      | Found a white marble altar of Elyvilon.
  6299 | D:6      | Found a hide-covered altar of Uskayaw.
  6301 | D:6      | Found an opulent altar of Gozag.
  6302 | D:6      | Found a hazy altar of Hepliaklqana.
  6470 | D:7      | Reached skill level 9 in Fire Magic
  6674 | D:6      | Succumbed to a killer bee's poison

Illustrated notes

Levels and vault maps discovered:
D:1:      nzn_arrival_crosshair, layout_rooms,
          hellmonk_ecumenical_altar_zigzags, nicolae_figureground_sparkle
D:2:      layout_loops_ring, serial_shops, shop_coins
D:3:      layout_rooms, serial_shops, nicolae_shop_advertising_works
          [nicolae_subvault_shop_adworks]
D:4:      layout_cave_pools
D:5:      layout_gridville, minmay_temple_entry_enclosed_plants,
          gammafunk_ghost_cemetery, minmay_manual_mess
D:6:      layout_layer_cave, mainiacjoe_overflow_cross_hatched, minitemple,
          kennysheep_another_room
D:7:      layout_loops_cross, nicolae_shop_fire_sale [nicolae_sub_dead_trees],
          nicolae_shop_unique_rings
Temple:   eino_temple_scatter_basement

Skill      XL: |  1  2  3  4  5  6  7  8 |
---------------+-------------------------+-----
Fire Magic     | 4 5 6 7 9 |  9.2
Conjurations   | 2 3 4 5 6 |  6.0
Shields        | 1 2 3 4 |  4.3
Dodging        | |  2.4
Stealth        | |  2.4
Spellcasting   | |  3.5

Action                   |  1- 3 |  4- 6 |  7- 9 || total
-------------------------+-------+-------+-------++-------
Melee: Dagger            |     5 |     3 |     4 ||    12
 Cast: Foxfire           |   109 |   113 |   115 ||   337
 Stab: Sleeping          |     1 |       |       ||     1
Armor: Leather armour    |       |     7 |     8 ||    15
Dodge: Dodged            |     1 |    10 |     8 ||    19
Block: Buckler           |     1 |     5 |     6 ||    12
